 Dungeon Crawl Stone Soup version 0.13-a0-2641-gc68e7bd (webtiles) character file.

2132 Mathinus the Shield-Bearer (level 8, -4/68 HPs)
             Began as a Lava Orc Fighter on Aug 7, 2013.
             Was a Believer of Okawaru.
             Slain by an unseen horror (6 damage)
             ... on Level 7 of the Dungeon.
             The game lasted 00:40:42 (6376 turns).

Mathinus the Shield-Bearer (Lava Orc Fighter)       Turns: 6376, Time: 00:40:42

HP  -4/68        AC 13     Str 20      XL: 8   Next: 93%
MP   7/7         EV  7     Int  8      God: Okawaru [**....]
Gold 238         SH 22     Dex 11      Spells:  0 memorised,  7 levels left

Res.Fire  : + . .   See Invis. : .   a - +2,+1 orc hand axe {=f}
Res.Cold  : . . .   Warding    : .   D - +1 scale mail {MR+}
Life Prot.: . . .   Conserve   : .   c - +0 orc shield
Res.Poison: .       Res.Corr.  : .   (no helmet)
Res.Elec. : .       Clarity    : .   (no cloak)
Sust.Abil.: . .     Spirit.Shd : .   b - +0 pair of gauntlets
Res.Mut.  : .       Stasis     : .   (no boots)
Res.Rott. : .       Flight     : .   (no amulet)
Saprovore : + . .                    (no ring)
                                     (no ring)

@: about to teleport, slow, somewhat resistant to hostile enchantments,
extremely unstealthy
A: conserve scrolls, saprovore 1
a: Heroism, Renounce Religion


You were on level 7 of the Dungeon.
You worshipped Okawaru.
Okawaru was most pleased with you.
You were not hungry.

You visited 2 branches of the dungeon, and saw 8 of its levels.

You collected 218 gold pieces.

Inventory:

Hand weapons
 a - a +2,+1 orcish hand axe (weapon) {=f}
 e - a +2 blowgun
 i - a cursed +0,+2 hand axe
 m - a +2,+2 dwarven dagger of pain
 w - a -1,+0 orcish hand axe
 F - a -1,+4 orcish whip
Missiles
 g - 45 darts (quivered)
 n - 19 poisoned needles
Armour
 b - a +0 pair of gauntlets (worn)
 c - a +0 orcish shield (worn)
 f - a +2 dwarven scale mail of cold resistance
 z - a +0 buckler
 D - a +1 scale mail of magic resistance (worn)
Magical devices
 l - a wand of draining (12)
Comestibles
 d - 2 meat rations
 h - a snozzcumber
 k - 3 bread rations
Scrolls
 o - a scroll of amnesia
 p - a scroll of magic mapping
 q - 3 scrolls of identify
 x - a scroll of recharging
 y - a scroll of teleportation
 B - 2 scrolls of remove curse
Jewellery
 C - an uncursed ring of ice
Potions
 j - 3 potions of curing
 r - a potion of restore abilities
 s - a potion of paralysis {unknown}
 u - a potion of porridge
 A - a potion of heal wounds {unknown}
Books
 E - a book of Clouds

   Spells                             Type                      Level
   Mephitic Cloud                     Conjuration/Poison/Air       3
   Conjure Flame                      Conjuration/Fire             3
   Poisonous Cloud                    Conjuration/Poison/Air       6
   Freezing Cloud                     Conjuration/Ice/Air          6
   Ring of Flames                     Charms/Fire                  7
Magical staves
 v - an uncursed staff of earth
Rods
 t - a +0 rod of warding (12/12)
   (You found it on level 4 of the Dungeon)


   Skills:
 + Level 5.7 Fighting
 + Level 6.4 Axes
 + Level 6.5 Armour
 + Level 4.7 Dodging
 + Level 0.1 Stealth
 + Level 7.1 Shields
 + Level 0.3 Invocations


You had 7 spell levels left.
You didn't know any spells.

Dungeon Overview and Level Annotations

Branches:
Dungeon (7/27)             Temple (1/1) D:4
    Orc: D:6-11

Altars:
Ashenzari
Cheibriados
Elyvilon
Fedhas
Kikubaaqudgha
Makhleb
Nemelex Xobeh
Okawaru
Trog
Vehumet
Xom
Yredelemnul
Zin
the Shining One

Shops:
D:5: ? D:7: =


Innate Abilities, Weirdness & Mutations

You have stony skin.
You cover ground slowly.
Your flesh is heat resistant.
Your flesh is vulnerable to cold.
Your heat harms attackers.
You bathe your surroundings in blazing heat.
You are too hot to use scrolls.
You are very good at protecting items from fire.
You can tolerate rotten meat.


Message History

It hits you but does no damage.
You hit it. You block its attack. It hits you.
You miss it. It hits you but does no damage. It hits you!
* * * LOW HITPOINT WARNING * * *
You hit it. It hits you but does no damage. It hits you!
* * * LOW HITPOINT WARNING * * *
It hits you.
* * * LOW HITPOINT WARNING * * *
You hit it. It hits you but does no damage. It hits you but does no damage.
You closely miss it. It hits you but does no damage.
You closely miss it. You block its attack. It hits you but does no damage.
Read which item? (? for menu, Esc to quit)
You don't have any such object.
Read which item? (? for menu, Esc to quit)
You can't read that!
It hits you but does no damage.
Read which item? (? for menu, Esc to quit)
As you read the scroll of teleportation, it crumbles to dust.
You feel strangely unstable. It hits you but does no damage. It hits you.
You die...

####.......##.###∩#
#.......##.# #.#
#.......##.# #.#
#........#.# #.#
#.######.#.# #.# #.
.#.# #.# .#.###.#
#. #.#...# #.
#@#.########.
#.#..........
#.##########.
#.........
#.........
#......## #[.....#
#......# #......#


There were no monsters in sight!

Vanquished Creatures
  The ghost of DasRunzen the Conjurer, an experienced DjCj of Vehumet (D:7)
  An orc warrior (D:7)
  An ice beast (D:6)
  A phantom (D:4)
  The ghost of crypto177 the Poker, an average NaWr (D:4)
  4 giant frogs (D:6)
  A crimson imp (D:4)
  2 orc priests
  4 iguanas
  A hound (D:6)
  3 orc wizards (D:4)
  3 worker ants
  An ogre zombie (D:6)
  A mummy (D:7)
  7 adders
  7 gnolls
  2 giant mites
  2 worms (D:2)
  An adder skeleton (D:5)
  6 giant geckos
  13 orcs
  A ball python (D:2)
  A giant cockroach (D:1)
  10 goblins
  9 hobgoblins
  8 jackals
  2 quokkas
  7 bats
  9 giant newts
  A goblin skeleton (D:5)
  12 kobolds
  7 rats
  A rat skeleton (D:5)
  2 ballistomycetes (D:6)
133 creatures vanquished.

Vanquished Creatures (others)
  A giant spore (D:6)
1 creature vanquished.

Grand Total: 134 creatures vanquished

Notes
Turn   | Place    | Note
--------------------------------------------------------------
     0 | D:1      | Mathinus, the Lava Orc Fighter, began the quest for the Orb.
     0 | D:1      | Reached XP level 1. HP: 19/19 MP: 0/0
   199 | D:1      | Reached XP level 2. HP: 20/26 MP: 1/1
   718 | D:2      | Reached XP level 3. HP: 33/33 MP: 2/2
  1282 | D:2      | Reached skill level 1 in Dodging
  1503 | D:2      | Reached skill level 4 in Shields
  1622 | D:2      | Reached XP level 4. HP: 39/39 MP: 3/3
  1833 | D:3      | Found an iron altar of Okawaru.
  2284 | D:3      | Reached XP level 5. HP: 42/46 MP: 4/4
  2707 | D:4      | Noticed crypto177's ghost (average NaWr)
  3032 | D:4      | Noticed a phantom
  3048 | D:4      | Killed a phantom
  3048 | D:4      | Reached XP level 6. HP: 41/53 MP: 5/5
  3101 | D:4      | Reached skill level 5 in Shields
  3347 | D:4      | Reached skill level 5 in Armour
  3510 | D:4      | Killed crypto177's ghost
  3510 | D:4      | Reached XP level 7. HP: 49/60 MP: 6/6
  3535 | D:4      | Found a staircase to the Ecumenical Temple.
  3554 | Temple   | Entered the Ecumenical Temple
  4027 | D:3      | Became a worshipper of Warmaster Okawaru
  4529 | D:4      | Identified a +0 rod of warding (12/12) (You found it on level 4 of the Dungeon)
  4629 | D:5      | Entered Level 5 of the Dungeon
  4633 | D:5      | Found a sparkling altar of Nemelex Xobeh.
  5111 | D:5      | Found Klamaich's Magic Scroll Boutique.
  5448 | D:6      | Reached skill level 5 in Fighting
  5591 | D:6      | Acquired Okawaru's first power
  5591 | D:6      | Reached skill level 5 in Axes
  5634 | D:6      | Reached XP level 8. HP: 57/68 MP: 7/7
  5740 | D:6      | Reached skill level 6 in Shields
  6147 | D:7      | Found Kous' Jewellery Shop.
  6149 | D:7      | Noticed DasRunzen's ghost (experienced DjCj)
  6183 | D:7      | Killed DasRunzen's ghost
  6183 | D:7      | Reached skill level 7 in Shields
  6371 | D:7      | HP: 1/68 [something (6)]
  6376 | D:7      | Slain by an unseen horror

Action                   |  1- 3 |  4- 6 |  7- 9 || total
-------------------------+-------+-------+-------++-------
Melee: Hand axe          |   132 |   265 |   295 ||   692
Invok: Heroism           |       |       |     1 ||     1
Evoke: Wand              |       |     1 |       ||     1
  Use: Scroll            |     9 |    10 |    11 ||    30
       Potion            |     2 |     6 |     3 ||    11
